[Event "45th FIDE Olympiad 2024"]
[Site "Budapest"]
[Date "2024.09.19"]
[Round "8.225"]
[White "Eltigani, Omar"]
[Black "Liyanage, Ranindu Dilshan"]
[Result "0-1"]
[WhiteElo "2241"]
[BlackElo "2366"]
[PlyCount "88"]
[EventDate "2024.09.05"]
[EventType "team-tourn"]
[EventCountry "HUN"]
[WhiteTeam "Sudan"]
[BlackTeam "Sri Lanka"]
[WhiteTeamCountry "SUD"]
[BlackTeamCountry "SRI"]
[TimeControl "40/5400+30:1800+30"]

1. d4 Nf6 2. Nc3 d5 3. Bf4 a6 4. e3 h6 5. Nf3 e6 6. Ne5 Nbd7 7. Be2 c5 8. O-O b5 9. Bf3 Bb7 10. Re1 b4 11. Na4 Nxe5 12. Bxe5 Nd7 13. Bg3 cxd4 14. e4 dxe4 15. Bxe4 Bxe4 16. Rxe4 Qa5 17. b3 Be7 18. Rxd4 Nf6 19. Bd6 Bxd6 20. Rxd6 O-O 21. a3 bxa3 22. Nb6 Ra7 23. Nc4 Qf5 24. Rd3 Nd5 25. Rxa3 Nf4 26. Rf3 e5 27. Ra5 Rd7 28. Qb1 Rfd8 29. Ne3 Qg6 30. Ra1 Rd2 31. h3 Ne2+ 32. Kh1 e4 33. Rf5 Nd4 34. Rf4 Ne6 35. Rg4 Qh7 36. Ra5 Rxf2 37. Qe1 Rdd2 38. Nc4 Rde2 39. Qb4 f5 40. Rg3 f4 41. Qb8+ Nf8 42. Rg4 f3 43. Ra1 fxg2+ 44. Kh2 Rf1 {0-} 0-1

[Event "45th FIDE Olympiad 2024"]
[Site "Budapest"]
[Date "2024.09.19"]
[Round "8.226"]
[White "Amarathunga, Kosala Sandeepa Cham"]
[Black "Ahmed, Hassan"]
[Result "1/2-1/2"]
[WhiteElo "1956"]
[BlackElo "2234"]
[PlyCount "81"]
[EventDate "2024.09.05"]
[EventType "team-tourn"]
[EventCountry "HUN"]
[WhiteTeam "Sri Lanka"]
[BlackTeam "Sudan"]
[WhiteTeamCountry "SRI"]
[BlackTeamCountry "SUD"]
[TimeControl "40/5400+30:1800+30"]

1. Nf3 c5 2. b3 Nf6 3. Bb2 g6 4. e3 Bg7 5. Be2 O-O 6. O-O d5 7. d4 cxd4 8. Nxd4 Nc6 9. Nxc6 bxc6 10. Nd2 Qd6 11. Qc1 Ng4 12. Bxg4 Bxg4 13. h3 Be2 14. Bxg7 Kxg7 15. Re1 Ba6 16. Qb2+ e5 17. Rad1 Qe7 18. Rc1 f6 19. c4 Rad8 20. Rc3 Rd7 21. cxd5 cxd5 22. Nf3 Rfd8 23. Rc2 Bb7 24. Nh2 h5 25. Rd2 Rc7 26. Red1 Rdc8 27. Nf1 Qb4 28. Ng3 a5 29. Ne2 h4 30. f4 Qe4 31. fxe5 Qxe3+ 32. Kh1 fxe5 33. Kh2 d4 34. Nxd4 exd4 35. Rxd4 Qe5+ 36. Kh1 Re7 37. Qd2 Qg3 38. Rd3 Qe5 39. Rd4 Qg3 40. Rd3 Qe5 41. Rd4 1/2-1/2

[Event "45th FIDE Olympiad 2024"]
[Site "Budapest"]
[Date "2024.09.19"]
[Round "8.227"]
[White "Hamid, Mohammed"]
[Black "Kodithuwakku, K K Dinujaya"]
[Result "0-1"]
[WhiteElo "2090"]
[BlackElo "1827"]
[PlyCount "62"]
[EventDate "2024.09.05"]
[EventType "team-tourn"]
[EventCountry "HUN"]
[WhiteTeam "Sudan"]
[BlackTeam "Sri Lanka"]
[WhiteTeamCountry "SUD"]
[BlackTeamCountry "SRI"]
[TimeControl "40/5400+30:1800+30"]

1. c4 Nf6 2. Nc3 e6 3. Nf3 d5 4. d4 Nbd7 5. Bg5 Bb4 6. e3 c5 7. cxd5 exd5 8. Bd3 Qa5 9. O-O c4 10. Bc2 Bxc3 11. bxc3 Qxc3 12. a4 O-O 13. Rb1 Re8 14. Bf4 Nf8 15. Rb5 Qa3 16. Be5 N8d7 17. Qb1 Qe7 18. a5 Qd8 19. Qa2 b6 20. axb6 Nxb6 21. Rfb1 Bg4 22. Ra5 Ne4 23. Bxe4 dxe4 24. Nd2 c3 25. Nxe4 Be6 26. Qa1 Bf5 27. Nd6 Bxb1 28. Nxe8 c2 29. Rc5 Nd7 30. Rxc2 Bxc2 31. Nc7 Rb8 {0-} 0-1

[Event "45th FIDE Olympiad 2024"]
[Site "Budapest"]
[Date "2024.09.19"]
[Round "8.228"]
[White "Bandara, Dhanushka"]
[Black "Eltag, Siddig"]
[Result "0-1"]
[WhiteElo "1903"]
[BlackElo "2138"]
[PlyCount "94"]
[EventDate "2024.09.05"]
[EventType "team-tourn"]
[EventCountry "HUN"]
[WhiteTeam "Sri Lanka"]
[BlackTeam "Sudan"]
[WhiteTeamCountry "SRI"]
[BlackTeamCountry "SUD"]
[TimeControl "40/5400+30:1800+30"]

1. e4 d5 2. exd5 Nf6 3. d4 Nxd5 4. Nf3 g6 5. h3 Bg7 6. Bd3 O-O 7. O-O Nc6 8. c3 h6 9. Re1 Kh7 10. Na3 a6 11. Nc4 Bf5 12. Nce5 Nxe5 13. Nxe5 Bxd3 14. Qxd3 Qd6 15. Qg3 Rad8 16. Qh4 Qf6 17. Qg3 Qd6 18. Re4 f5 19. Rh4 Qf6 20. c4 f4 21. Qd3 Nb4 22. Qe4 Qxh4 23. Nxg6 Rxd4 24. Qxd4 Bxd4 25. Nxh4 Nd3 26. Nf3 Bxf2+ 27. Kf1 Bc5 28. Ke2 Rd8 29. Bd2 e5 30. Bc3 e4 31. Nd2 f3+ 32. gxf3 Nf4+ 33. Ke1 e3 34. Nf1 e2 35. Ng3 Rg8 36. Nxe2 Re8 37. Kd1 Rxe2 38. Bd2 Rh2 39. Rc1 Rh1+ 40. Kc2 Rxc1+ 41. Bxc1 Nxh3 42. Kd3 Kg6 43. Ke4 Ng5+ 44. Kf4 Bd6+ 45. Ke3 Kf5 46. Kf2 Bf4 47. Bxf4 Kxf4 {0-} 0-1

[Event "45th FIDE Olympiad 2024"]
[Site "Budapest"]
[Date "2024.09.19"]
[Round "8.229"]
[White "Loay, Sameer"]
[Black "Kanegeni, Matthew Kamau"]
[Result "1-0"]
[WhiteElo "2194"]
[BlackElo "1976"]
[PlyCount "71"]
[EventDate "2024.09.05"]
[EventType "team-tourn"]
[EventCountry "HUN"]
[WhiteTeam "Jordan"]
[BlackTeam "Kenya"]
[WhiteTeamCountry "JOR"]
[BlackTeamCountry "KEN"]
[TimeControl "40/5400+30:1800+30"]

1. Nf3 d5 2. g3 c6 3. Bg2 Nf6 4. O-O Bg4 5. d3 Nbd7 6. Nbd2 e5 7. h3 Bh5 8. e4 Bd6 9. Re1 d4 10. c3 Bxf3 11. Bxf3 dxc3 12. bxc3 O-O 13. Nc4 Nb6 14. Nxd6 Qxd6 15. d4 Rfd8 16. Qb3 Nfd7 17. Be3 exd4 18. cxd4 Nf8 19. Bg2 Ne6 20. Rad1 Rd7 21. f4 g6 22. f5 gxf5 23. exf5 Nc7 24. Bf4 Qf6 25. Qf3 Ncd5 26. Be5 Qh6 27. f6 Kh8 28. Re4 Rg8 29. Rh4 Qe3+ 30. Kh2 Qxf3 31. Bxf3 Nc3 32. Rd3 Nbd5 33. Bg4 Rxg4 34. Rxg4 Nxa2 35. Ra3 Ndb4 36. Rxa7 1-0

[Event "45th FIDE Olympiad 2024"]
[Site "Budapest"]
[Date "2024.09.19"]
[Round "8.230"]
[White "Oluka, Robert Mcligeyo"]
[Black "Saif, Malek"]
[Result "0-1"]
[WhiteElo "1990"]
[BlackElo "2162"]
[PlyCount "130"]
[EventDate "2024.09.05"]
[EventType "team-tourn"]
[EventCountry "HUN"]
[WhiteTeam "Kenya"]
[BlackTeam "Jordan"]
[WhiteTeamCountry "KEN"]
[BlackTeamCountry "JOR"]
[TimeControl "40/5400+30:1800+30"]

1. e4 e5 2. Nc3 Nf6 3. Bc4 Nc6 4. d3 Bc5 5. f4 d6 6. Nf3 Qe7 7. Na4 Bb6 8. Nxb6 axb6 9. O-O Bd7 10. Bd2 h6 11. fxe5 dxe5 12. Kh1 Be6 13. Bb5 Nd7 14. Qe1 Qc5 15. a4 Qd6 16. Bc3 f6 17. Bxc6 bxc6 18. d4 exd4 19. Nxd4 Ne5 20. Rd1 Bg4 21. Nf3 Qe6 22. Nxe5 Bxd1 23. Qxd1 fxe5 24. Rf5 Qd6 25. Qg4 O-O-O 26. Rf1+ Rd7 27. Qe2 Kb7 28. a5 c5 29. axb6 cxb6 30. h3 Qc6 31. Ra1 Ra8 32. Rxa8 Kxa8 33. Qa6+ Ra7 34. Qc4 Re7 35. Qa6+ Kb8 36. Kh2 Kc7 37. Qd3 Qd6 38. Qa6 Qc6 39. Qd3 c4 40. Qf3 Qf6 41. Qe2 Qe6 42. Qe3 g5 43. Be1 Kb7 44. Bg3 Qc6 45. Qf3 Rd7 46. Bxe5 Re7 47. Bg3 Rxe4 48. Qf7+ Ka6 49. Qf3 Qe6 50. b3 cxb3 51. cxb3 Kb5 52. Qd3+ Kc6 53. Qa6 h5 54. Bf2 Rb4 55. Qa8+ Kb5 56. Qd8 Re4 57. Qd3+ Ka5 58. Qd8 g4 59. h4 Qe5+ 60. Kg1 Rb4 61. Qd2 Qe6 62. Be1 Qxb3 63. Qg5+ Ka4 64. Bxb4 Kxb4 65. Qxh5 Qd1+ {0-} 0-1

[Event "45th FIDE Olympiad 2024"]
[Site "Budapest"]
[Date "2024.09.19"]
[Round "8.231"]
[White "Anas, Khwaira"]
[Black "Wanasunia, Elvis Likoko"]
[Result "1-0"]
[WhiteElo "1994"]
[BlackElo "1942"]
[PlyCount "93"]
[EventDate "2024.09.05"]
[EventType "team-tourn"]
[EventCountry "HUN"]
[WhiteTeam "Jordan"]
[BlackTeam "Kenya"]
[WhiteTeamCountry "JOR"]
[BlackTeamCountry "KEN"]
[TimeControl "40/5400+30:1800+30"]

1. d4 c5 2. d5 d6 3. c4 b5 4. cxb5 a6 5. e4 Nf6 6. Nc3 g6 7. a4 Bg7 8. Nf3 O-O 9. Bd2 Nbd7 10. Bd3 axb5 11. axb5 Rb8 12. O-O Ng4 13. h3 Nge5 14. Nxe5 Nxe5 15. Be2 Qc7 16. Qc2 Nd7 17. Ra3 e5 18. Rb1 f5 19. f3 f4 20. Be1 g5 21. Bf2 h5 22. b4 cxb4 23. Rxb4 g4 24. fxg4 hxg4 25. Bxg4 Nf6 26. Bf3 Qf7 27. b6 Qg6 28. Kf1 Bb7 29. Rc4 Rfc8 30. Rxc8+ Rxc8 31. Qb2 Rxc3 32. Qxc3 Nxe4 33. Qd3 Ba6 34. Qxa6 Nd2+ 35. Ke2 Qb1 36. Kxd2 Qb2+ 37. Ke1 e4 38. Bxe4 Qc1+ 39. Ke2 f3+ 40. gxf3 Qb2+ 41. Kf1 Qc1+ 42. Be1 Bd4 43. Qa8+ Kg7 44. Ra7+ Kh6 45. Qf8+ Kg5 46. Qf5+ Kh6 47. Rh7# 1-0

[Event "45th FIDE Olympiad 2024"]
[Site "Budapest"]
[Date "2024.09.19"]
[Round "8.232"]
[White "Mutuge, Ian"]
[Black "Rakan, Dasa"]
[Result "0-1"]
[WhiteElo "1938"]
[BlackElo "1976"]
[PlyCount "54"]
[EventDate "2024.09.05"]
[EventType "team-tourn"]
[EventCountry "HUN"]
[WhiteTeam "Kenya"]
[BlackTeam "Jordan"]
[WhiteTeamCountry "KEN"]
[BlackTeamCountry "JOR"]
[TimeControl "40/5400+30:1800+30"]

1. e4 c6 2. Nc3 d5 3. Nf3 dxe4 4. Nxe4 Nf6 5. Qe2 Nxe4 6. Qxe4 Nd7 7. Bc4 Nf6 8. Qe2 g6 9. O-O Nd5 10. Qe5 Rg8 11. d3 Bg4 12. Nd2 Qc7 13. Qe1 O-O-O 14. Ne4 Bg7 15. h3 Bf5 16. Be3 Nxe3 17. Qxe3 Bxb2 18. Rab1 Bd4 19. Qe2 e6 20. c3 Bb6 21. d4 e5 22. a4 exd4 23. a5 Bxa5 24. Rxb7 Kxb7 25. Ba6+ Ka8 26. Nc5 Rb8 27. cxd4 Bb6 {0-} 0-1

[Event "45th FIDE Olympiad 2024"]
[Site "Budapest"]
[Date "2024.09.19"]
[Round "8.233"]
[White "Christie, Joshua"]
[Black "Ndahangwapo, Heskiel"]
[Result "1-0"]
[WhiteElo "2271"]
[BlackElo "2011"]
[PlyCount "121"]
[EventDate "2024.09.05"]
[EventType "team-tourn"]
[EventCountry "HUN"]
[WhiteTeam "Jamaica"]
[BlackTeam "Namibia"]
[WhiteTeamCountry "JAM"]
[BlackTeamCountry "NAM"]
[TimeControl "40/5400+30:1800+30"]

1. d4 Nf6 2. c4 e6 3. g3 d5 4. Bg2 Be7 5. Nf3 O-O 6. Qc2 dxc4 7. O-O a6 8. a4 Nc6 9. Qxc4 Qd5 10. Qxd5 exd5 11. Bf4 Na5 12. Nbd2 c6 13. Bc7 Bb4 14. Bxa5 Bxa5 15. Nb3 Bb4 16. a5 Re8 17. e3 Bd6 18. Rfc1 Ne4 19. Ne1 Bf5 20. Bf1 Re7 21. Nd3 h5 22. Ndc5 h4 23. Nxe4 Bxe4 24. Nc5 Bf3 25. Ra4 hxg3 26. hxg3 g5 27. Rb4 Kg7 28. Bg2 g4 29. Rc3 Rh8 30. Rcb3 Bxc5 31. dxc5 Rh5 32. Bxf3 gxf3 33. Rg4+ Kf8 34. Rbb4 d4 35. Rgxd4 Rxc5 36. Rd8+ Kg7 37. Rg4+ Kf6 38. Rf4+ Rf5 39. Rdd4 Ree5 40. b4 Rb5 41. g4 Rxf4 42. Rxf4+ Kg5 43. Kh2 Kh4 44. Rxf3 Rxb4 45. Rxf7 Kxg4 46. f3+ Kg5 47. e4 Rb5 48. Kg3 Kg6 49. Rc7 Rxa5 50. Rxb7 Rc5 51. f4 a5 52. f5+ Kf6 53. Kf4 a4 54. Ra7 Rc4 55. Ra6 Ke7 56. Ke5 c5 57. f6+ Ke8 58. Ra8+ Kf7 59. Kf5 Rd4 60. e5 Rd5 61. Rxa4 1-0

[Event "45th FIDE Olympiad 2024"]
[Site "Budapest"]
[Date "2024.09.19"]
[Round "8.234"]
[White "Eichab, Charles"]
[Black "Glaves, Raheem"]
[Result "1-0"]
[WhiteElo "2013"]
[BlackElo "2094"]
[PlyCount "93"]
[EventDate "2024.09.05"]
[EventType "team-tourn"]
[EventCountry "HUN"]
[WhiteTeam "Namibia"]
[BlackTeam "Jamaica"]
[WhiteTeamCountry "NAM"]
[BlackTeamCountry "JAM"]
[TimeControl "40/5400+30:1800+30"]

1. c4 e5 2. Nc3 Nf6 3. Nf3 Nc6 4. g3 d5 5. cxd5 Nxd5 6. Bg2 Nb6 7. O-O Be7 8. d3 O-O 9. Be3 Be6 10. Na4 Nd5 11. Bc5 Qd7 12. Bxe7 Qxe7 13. Rc1 Rad8 14. Rxc6 bxc6 15. Nxe5 Qf6 16. Nxc6 Rde8 17. d4 Nb6 18. Nc3 Bh3 19. Bxh3 Qxc6 20. e3 Re7 21. Qe2 Rd8 22. Bg2 Qg6 23. Rd1 a5 24. e4 Qe6 25. Qb5 Qf6 26. d5 a4 27. f4 g5 28. e5 Qf5 29. d6 Red7 30. Bc6 gxf4 31. Bxd7 Rxd7 32. Rf1 Qc2 33. gxf4 f6 34. Kh1 Kf7 35. Qc6 Qd3 36. Re1 fxe5 37. fxe5 Kg7 38. Qg2+ Qg6 39. Qf2 Rf7 40. Qd4 Qe6 41. Rg1+ Kf8 42. Qh4 Ke8 43. Rg8+ Kd7 44. Rd8+ Kc6 45. Qe4+ Kc5 46. dxc7 Rf1+ 47. Kg2 1-0

[Event "45th FIDE Olympiad 2024"]
[Site "Budapest"]
[Date "2024.09.19"]
[Round "8.235"]
[White "Shaw, Jaden"]
[Black "Schwarz, Bernhard"]
[Result "1-0"]
[WhiteElo "2051"]
[BlackElo "1875"]
[PlyCount "75"]
[EventDate "2024.09.05"]
[EventType "team-tourn"]
[EventCountry "HUN"]
[WhiteTeam "Jamaica"]
[BlackTeam "Namibia"]
[WhiteTeamCountry "JAM"]
[BlackTeamCountry "NAM"]
[TimeControl "40/5400+30:1800+30"]

1. e4 e5 2. Nf3 Nc6 3. Bb5 a6 4. Ba4 Nf6 5. d3 b5 6. Bb3 h6 7. O-O d6 8. a4 Bg4 9. c3 Rb8 10. Re1 g6 11. h3 Bd7 12. Nbd2 g5 13. Nf1 g4 14. hxg4 Bxg4 15. Ne3 Bh5 16. Nf5 Rg8 17. axb5 axb5 18. d4 Qc8 19. Qd3 Rg4 20. Nh2 Rg8 21. Nf1 Ne7 22. N1g3 Bg4 23. Ra5 Qb7 24. dxe5 dxe5 25. c4 Rd8 26. Qc2 Bxf5 27. Rxb5 Qa8 28. exf5 h5 29. Ba4 c6 30. Rbxe5 h4 31. Nf1 Ng4 32. f6 Nxf6 33. Bg5 Rd6 34. c5 Re6 35. Rxe6 fxe6 36. Bxf6 h3 37. Ng3 Qb8 38. Bxe7 1-0

[Event "45th FIDE Olympiad 2024"]
[Site "Budapest"]
[Date "2024.09.19"]
[Round "8.236"]
[White "Nitzborn, Max Baron"]
[Black "McKennis, Darren"]
[Result "0-1"]
[WhiteElo "1800"]
[BlackElo "1905"]
[PlyCount "60"]
[EventDate "2024.09.05"]
[EventType "team-tourn"]
[EventCountry "HUN"]
[WhiteTeam "Namibia"]
[BlackTeam "Jamaica"]
[WhiteTeamCountry "NAM"]
[BlackTeamCountry "JAM"]
[TimeControl "40/5400+30:1800+30"]

1. d4 d5 2. Nf3 Nf6 3. g3 c5 4. c4 cxd4 5. Bg2 Nc6 6. Nxd4 e5 7. Nxc6 bxc6 8. O-O Be6 9. Bg5 Qd7 10. Qa4 Rc8 11. Rd1 d4 12. Nc3 Be7 13. Rac1 O-O 14. Bxf6 Bxf6 15. Ne4 Be7 16. c5 f5 17. Nd6 Bxd6 18. cxd6 Qxd6 19. Bxc6 Rc7 20. Bg2 Rfc8 21. Rxc7 Qxc7 22. b3 h6 23. Qa6 Qb6 24. Qa4 a5 25. Bh3 Kh7 26. Qa3 Qc7 27. f3 Qc2 28. Re1 Qd2 29. Kf1 d3 30. Qe7 dxe2+ {0-} 0-1

[Event "45th FIDE Olympiad 2024"]
[Site "Budapest"]
[Date "2024.09.19"]
[Round "8.237"]
[White "Giasi, Viresh"]
[Black "Espinoza Solano, Jose Nahum"]
[Result "1/2-1/2"]
[WhiteElo "1998"]
[BlackElo "2156"]
[PlyCount "144"]
[EventDate "2024.09.05"]
[EventType "team-tourn"]
[EventCountry "HUN"]
[WhiteTeam "Suriname"]
[BlackTeam "Nicaragua"]
[BlackTeamCountry "NCA"]
[TimeControl "40/5400+30:1800+30"]

1. e4 e5 2. Nf3 Nc6 3. Bb5 a6 4. Ba4 d6 5. h3 Bd7 6. c3 g6 7. d3 Bg7 8. Bg5 Nge7 9. Bxc6 Bxc6 10. c4 h6 11. Bxe7 Qxe7 12. Nc3 O-O 13. Qe2 Bd7 14. g4 c6 15. Nd2 b5 16. h4 Rab8 17. b3 Be6 18. h5 f5 19. gxf5 gxf5 20. a3 fxe4 21. dxe4 bxc4 22. bxc4 Qf7 23. Rg1 Qa7 24. Rg3 Qd4 25. Rc1 Rf4 26. Nd1 Rh4 27. Qe3 Qxe3+ 28. Nxe3 Rxh5 29. Ke2 Kf7 30. c5 d5 31. exd5 cxd5 32. c6 e4 33. Rg2 Rg5 34. Rxg5 hxg5 35. f3 exf3+ 36. Nxf3 Bf6 37. c7 Rc8 38. Kd3 Ke7 39. Nd4 Bxd4 40. Kxd4 Kd6 41. Rg1 g4 42. Rh1 Kxc7 43. Nxd5+ Bxd5 44. Kxd5 Rg8 45. Rg1 g3 46. Rg2 Kb6 47. Kc4 Ka5 48. Kb3 Rg4 49. Kc2 Kb5 50. Kb3 Kc5 51. Kc3 Kd5 52. Kd3 Ra4 53. Ra2 Rg4 54. Rg2 Rg6 55. a4 Rg4 56. Rg1 g2 57. a5 Kc5 58. Ke3 Kb5 59. Kf2 Kxa5 60. Ra1+ Kb4 61. Kg1 a5 62. Rb1+ Kc3 63. Re1 a4 64. Re3+ Kb4 65. Re8 Rg3 66. Re4+ Kb3 67. Re8 a3 68. Rb8+ Kc2 69. Ra8 Kb2 70. Rb8+ Rb3 71. Re8 a2 72. Kxg2 a1=Q 1/2-1/2

[Event "45th FIDE Olympiad 2024"]
[Site "Budapest"]
[Date "2024.09.19"]
[Round "8.238"]
[White "Rocha, Maximiliano"]
[Black "Yeung, Jason"]
[Result "1-0"]
[WhiteElo "2156"]
[BlackElo "1993"]
[PlyCount "57"]
[EventDate "2024.09.05"]
[EventType "team-tourn"]
[EventCountry "HUN"]
[WhiteTeam "Nicaragua"]
[BlackTeam "Suriname"]
[WhiteTeamCountry "NCA"]
[TimeControl "40/5400+30:1800+30"]

1. e4 c5 2. Nf3 e6 3. c3 d5 4. e5 d4 5. cxd4 cxd4 6. Bb5+ Bd7 7. Nxd4 Qg5 8. O-O Qxe5 9. Bxd7+ Nxd7 10. Nf3 Qc7 11. Nc3 Ngf6 12. d4 Bb4 13. d5 Bxc3 14. dxe6 fxe6 15. bxc3 O-O 16. Re1 Qxc3 17. Rb1 Nc5 18. Be3 b6 19. Qe2 Rac8 20. Red1 Nce4 21. h3 Qc2 22. Qa6 Nc3 23. Rbc1 Qe2 24. Rd3 Nfd5 25. Bd4 Nb4 26. Qb7 e5 27. Bxe5 Qxe5 28. Nxe5 Nxd3 29. Rxc3 1-0

[Event "45th FIDE Olympiad 2024"]
[Site "Budapest"]
[Date "2024.09.19"]
[Round "8.239"]
[White "Kalidjo, Imaan"]
[Black "Sanchez, Steven"]
[Result "0-1"]
[WhiteElo "1934"]
[BlackElo "2072"]
[PlyCount "68"]
[EventDate "2024.09.05"]
[EventType "team-tourn"]
[EventCountry "HUN"]
[WhiteTeam "Suriname"]
[BlackTeam "Nicaragua"]
[BlackTeamCountry "NCA"]
[TimeControl "40/5400+30:1800+30"]

1. c4 c5 2. g3 g6 3. Bg2 Bg7 4. Nc3 Nc6 5. d3 d6 6. Qd2 e6 7. b3 Nge7 8. Bb2 Rb8 9. f4 O-O 10. Nf3 a6 11. O-O b5 12. Ne4 Nf5 13. g4 Nfd4 14. g5 bxc4 15. e3 d5 16. Nf6+ Bxf6 17. gxf6 Nxf3+ 18. Bxf3 cxb3 19. Be5 bxa2 20. Rxa2 Rb4 21. Qf2 Kh8 22. Qg3 Rg8 23. Qg5 Qf8 24. Rg2 a5 25. Be2 h6 26. Rf3 Nxe5 27. Qxe5 a4 28. Rh3 Kh7 29. Qg5 e5 30. Rh4 a3 31. Qxe5 a2 32. Bf1 g5 33. Rxg5 Rxg5+ 34. Qxg5 a1=Q {0-} 0-1

[Event "45th FIDE Olympiad 2024"]
[Site "Budapest"]
[Date "2024.09.19"]
[Round "8.240"]
[White "Ortiz, Marcos"]
[Black "Chashawa, Shaief"]
[Result "1-0"]
[WhiteElo "2191"]
[BlackElo "1825"]
[PlyCount "81"]
[EventDate "2024.09.05"]
[EventType "team-tourn"]
[EventCountry "HUN"]
[WhiteTeam "Nicaragua"]
[BlackTeam "Suriname"]
[WhiteTeamCountry "NCA"]
[TimeControl "40/5400+30:1800+30"]

1. e4 e5 2. d4 exd4 3. Nf3 d5 4. Qxd4 Nc6 5. Bb5 Bd7 6. Qxd5 Nf6 7. Qd3 Qe7 8. Nc3 O-O-O 9. Qe2 Ne5 10. Bxd7+ Rxd7 11. O-O h6 12. Bf4 Nxf3+ 13. Qxf3 g5 14. Bg3 Qe6 15. Rfd1 Bg7 16. Qe3 b6 17. Qe2 Kb7 18. Rd3 Re8 19. Rad1 Rxd3 20. cxd3 Nd7 21. Qc2 c6 22. d4 f5 23. f3 f4 24. Bf2 Nf6 25. d5 cxd5 26. exd5 Qf7 27. a4 Rc8 28. a5 Nd7 29. axb6 axb6 30. Qb3 Bxc3 31. bxc3 Qf6 32. Qb5 Rc7 33. c4 Qc3 34. d6 Rc6 35. h4 Qa5 36. Qb1 Qe5 37. c5 gxh4 38. Qh7 Qe8 39. Re1 Qd8 40. Re7 Kc8 41. Qe4 1-0

[Event "45th FIDE Olympiad 2024"]
[Site "Budapest"]
[Date "2024.09.19"]
[Round "8.241"]
[White "Juarez Flores, Carlos A."]
[Black "Al Maashani, Amer"]
[Result "1/2-1/2"]
[WhiteElo "2308"]
[BlackElo "1979"]
[PlyCount "99"]
[EventDate "2024.09.05"]
[EventType "team-tourn"]
[EventCountry "HUN"]
[WhiteTeam "Guatemala"]
[BlackTeam "Oman"]
[WhiteTeamCountry "GUA"]
[BlackTeamCountry "OMN"]
[TimeControl "40/5400+30:1800+30"]

1. e4 c5 2. Nf3 Nc6 3. d4 cxd4 4. Nxd4 Nf6 5. Nc3 e5 6. Ndb5 d6 7. Bg5 a6 8. Na3 b5 9. Nd5 Be7 10. Bxf6 Bxf6 11. c3 Bg5 12. Nc2 Rb8 13. g3 O-O 14. Bg2 Ne7 15. O-O Nxd5 16. exd5 a5 17. Qd3 Qb6 18. Kh1 f5 19. f4 e4 20. Qd2 Bf6 21. a3 Ba6 22. Rfe1 h5 23. Rad1 b4 24. axb4 Bd3 25. Ne3 g6 26. Bf1 Bxf1 27. Rxf1 axb4 28. Rc1 bxc3 29. bxc3 Qc5 30. h3 Rb3 31. g4 Rxc3 32. Rxc3 Bxc3 33. Qe2 Bd4 34. Nc2 hxg4 35. hxg4 Kf7 36. Rb1 Rh8+ 37. Kg2 Bf6 38. Ne3 fxg4 39. Rb7+ Be7 40. Qxg4 Re8 41. Qe6+ Kf8 42. Qxe4 Qc8 43. Ra7 Qb8 44. Rd7 Qb2+ 45. Qc2 Qd4 46. Qxg6 Qxe3 47. Qh6+ Kf7 48. Qh5+ Kf8 49. Qh6+ Kf7 50. Qh5+ 1/2-1/2

[Event "45th FIDE Olympiad 2024"]
[Site "Budapest"]
[Date "2024.09.19"]
[Round "8.242"]
[White "Al Maashani, Abdullah"]
[Black "Giron Chavez, David Emanuel"]
[Result "1/2-1/2"]
[WhiteElo "1893"]
[BlackElo "2065"]
[PlyCount "98"]
[EventDate "2024.09.05"]
[EventType "team-tourn"]
[EventCountry "HUN"]
[WhiteTeam "Oman"]
[BlackTeam "Guatemala"]
[WhiteTeamCountry "OMN"]
[BlackTeamCountry "GUA"]
[TimeControl "40/5400+30:1800+30"]

1. e4 c5 2. Nf3 d6 3. d4 cxd4 4. Nxd4 Nf6 5. Nc3 a6 6. f3 e6 7. Be3 Nbd7 8. Qd2 b5 9. O-O-O Qc7 10. g4 h6 11. h4 Ne5 12. Qg2 b4 13. Nb1 Bb7 14. g5 hxg5 15. hxg5 Rxh1 16. Qxh1 Nfd7 17. Nd2 d5 18. exd5 Bxd5 19. Ne4 Qa5 20. Nb3 Qxa2 21. Rxd5 exd5 22. Ned2 Rc8 23. f4 Nc4 24. Nxc4 dxc4 25. Qe4+ Kd8 26. Bxc4 Qa4 27. Kb1 Qc6 28. Bd5 Qb5 29. Bxf7 Nc5 30. Bxc5 Rxc5 31. Nxc5 Qxc5 32. Qe8+ Kc7 33. Be6 Qd6 34. Qc8+ Kb6 35. f5 Be7 36. Bc4 Bxg5 37. Qxa6+ Kc5 38. Bd3 Qxa6 39. Bxa6 Bf6 40. Ka2 Be5 41. Kb3 Bf6 42. Bd3 Be5 43. c3 bxc3 44. bxc3 Bf6 45. Be4 Be5 46. Bb1 Bf6 47. Kc2 Be5 48. Kd3 Bf6 49. Ba2 Be5 1/2-1/2

[Event "45th FIDE Olympiad 2024"]
[Site "Budapest"]
[Date "2024.09.19"]
[Round "8.243"]
[White "Aragon Trujillo, Ricardo M."]
[Black "Al Busaidi, Hamood"]
[Result "1-0"]
[WhiteElo "2057"]
[BlackElo "1881"]
[PlyCount "113"]
[EventDate "2024.09.05"]
[EventType "team-tourn"]
[EventCountry "HUN"]
[WhiteTeam "Guatemala"]
[BlackTeam "Oman"]
[WhiteTeamCountry "GUA"]
[BlackTeamCountry "OMN"]
[TimeControl "40/5400+30:1800+30"]

1. e4 c5 2. Nf3 d6 3. c3 Nf6 4. h3 Nc6 5. Bd3 e5 6. Bc2 Be7 7. d4 O-O 8. O-O Qc7 9. d5 Nb8 10. a4 b6 11. Na3 a6 12. b4 cxb4 13. cxb4 Ne8 14. Be3 g6 15. Bb3 Qb7 16. Rc1 b5 17. a5 Nd7 18. Nd2 f5 19. f4 exf4 20. Bxf4 Qa7+ 21. Kh1 g5 22. Bh2 f4 23. Bg1 Qb7 24. Nf3 g4 25. hxg4 Ndf6 26. e5 Ne4 27. Bh2 Bxg4 28. Qd4 Bf5 29. Bxf4 Bg6 30. Bh2 Ng7 31. Nd2 Ng5 32. exd6 Rxf1+ 33. Rxf1 Bf8 34. Bc2 Rc8 35. Bxg6 hxg6 36. Nab1 Nf7 37. Ne4 Rc4 38. Nf6+ Kh8 39. Qd2 Rh4 40. Rf4 Rxh2+ 41. Kxh2 Bxd6 42. g3 Bxf4 43. Qxf4 Nf5 44. Nd2 Qe7 45. Nde4 Kg7 46. Qb8 N7h6 47. d6 Qe6 48. Ne8+ Kh8 49. Nc7+ Qg8 50. Qxg8+ Kxg8 51. d7 Nf7 52. Ne6 Ne7 53. Nf6+ Kh8 54. d8=Q+ Nxd8 55. Nxd8 Kg7 56. Nd7 Nd5 57. Nc6 1-0

[Event "45th FIDE Olympiad 2024"]
[Site "Budapest"]
[Date "2024.09.19"]
[Round "8.244"]
[White "Al Mashikhi, Mohammed Alyan"]
[Black "Garcia Fuentes, Sergio Miguel"]
[Result "0-1"]
[WhiteElo "1959"]
[BlackElo "2114"]
[PlyCount "90"]
[EventDate "2024.09.05"]
[EventType "team-tourn"]
[EventCountry "HUN"]
[WhiteTeam "Oman"]
[BlackTeam "Guatemala"]
[WhiteTeamCountry "OMN"]
[BlackTeamCountry "GUA"]
[TimeControl "40/5400+30:1800+30"]

1. e4 c5 2. Nf3 e6 3. d4 cxd4 4. Nxd4 Nc6 5. Nc3 a6 6. Be3 Nf6 7. f3 Bb4 8. Bc4 d5 9. exd5 Nxd5 10. Bxd5 Qxd5 11. O-O Bxc3 12. bxc3 O-O 13. Nxc6 Qxc6 14. Qd4 b5 15. Rfd1 Bb7 16. Qg4 e5 17. Rd3 Bc8 18. Qg3 Bf5 19. Rd2 Qxc3 20. Re1 Rfe8 21. Qg5 Bg6 22. h4 f6 23. Qg3 Rad8 24. Rde2 Qc4 25. Qf2 h5 26. a3 Rd5 27. Rb1 Rc8 28. Rb4 Rd1+ 29. Kh2 Qd5 30. f4 Rc4 31. f5 Bf7 32. Qg3 Kh7 33. Bf2 Rxb4 34. axb4 Qc4 35. Qf3 Qd5 36. Re4 Rd2 37. Bc5 Rxc2 38. Bf8 Kg8 39. Be7 Qd7 40. Bc5 Qd2 41. Re3 Bd5 42. Qg3 Bxg2 43. Rd3 Qxd3 44. Qxd3 Be4+ 45. Qxc2 Bxc2 {0-} 0-1

[Event "45th FIDE Olympiad 2024"]
[Site "Budapest"]
[Date "2024.09.19"]
[Round "8.245"]
[White "Ayyad, Husain"]
[Black "Pace, Colin"]
[Result "1-0"]
[WhiteElo "2129"]
[BlackElo "2186"]
[PlyCount "89"]
[EventDate "2024.09.05"]
[EventType "team-tourn"]
[EventCountry "HUN"]
[WhiteTeam "Bahrain"]
[BlackTeam "Malta"]
[WhiteTeamCountry "BHN"]
[BlackTeamCountry "MLT"]
[TimeControl "40/5400+30:1800+30"]

1. e4 c5 2. Nf3 Nc6 3. d4 cxd4 4. Nxd4 Nf6 5. Nc3 e6 6. Ndb5 Bc5 7. Bf4 O-O 8. Bd6 Qb6 9. Bxc5 Qxc5 10. Qd6 Qb6 11. Qc7 Qc5 12. Qd6 Qb6 13. Qd2 a6 14. Nd6 Qxb2 15. Rb1 Qa3 16. Be2 b5 17. O-O b4 18. Nd1 Qxa2 19. Ne3 Qa5 20. f4 Qc5 21. Rfd1 a5 22. Kh1 Ne8 23. Nxc8 Rxc8 24. e5 d5 25. Bd3 f5 26. exf6 Nxf6 27. Re1 Qd4 28. g3 Kh8 29. Qg2 Rce8 30. Rbd1 Qc5 31. Qh3 e5 32. Bg6 h6 33. Bxe8 Rxe8 34. fxe5 Rxe5 35. Ng4 Nxg4 36. Qxg4 d4 37. Qc8+ Kh7 38. Rxe5 Qxe5 39. Qxc6 Qe2 40. Ra1 b3 41. cxb3 d3 42. Qg2 Qe6 43. Rd1 g6 44. Qf3 d2 45. Qf2 1-0